 Dungeon Crawl Stone Soup version 0.18.1-48-g4cf74bf (webtiles) character file.

39 mindo the Magician (level 3, 0/19 HPs)
             Began as a Deep Elf Wizard on June 25, 2016.
             Slain by a giant newt (1 damage)
             ... on level 2 of the Dungeon.
             The game lasted 00:10:53 (1380 turns).

mindo the Magician (Deep Elf Wizard)                Turns: 1380, Time: 00:10:54

Health: 0/19       AC:  2    Str:  4    XL:     3   Next: 28%
Magic:  0/12       EV: 12    Int: 23    God:
Gold:   110        SH:  0    Dex: 13    Spells: 3 memorised, 8 levels left

rFire  . . .     SeeInvis .     (no weapon)
rCold  . . .     Gourm    .     a - +0 robe
rNeg   . . .     Faith    .     (no shield)
rPois  .         Spirit   .     b - +0 hat
rElec  .         Dismiss  .     (no cloak)
rCorr  .         Reflect  .     (no gloves)
SustAt .         Harm     .     (no boots)
MR     +....                    (no amulet)
Stlth  +++.......               l - ring of stealth
                                i - ring of protection from magic

@: lethally poisoned (0 -> -5), somewhat resistant to hostile enchantments,
fairly stealthy
A: no striking features
a: no special abilities


You were on level 2 of the Dungeon.
You were not hungry.

You visited 1 branch of the dungeon, and saw 3 of its levels.

You collected 110 gold pieces.

Inventory:

Armour
 a - a +0 robe (worn)
 b - a +0 hat (worn)
Jewellery
 i - a ring of protection from magic (left hand)
 l - a ring of stealth (right hand)
 p - an uncursed ring of protection from magic
Scrolls
 e - a scroll of recharging {unknown}
 f - a scroll of amnesia {unknown}
 j - a scroll of identify {unknown}
 k - a scroll of blinking {unknown}
Potions
 g - a potion of berserk rage {unknown}
 h - 2 potions of magic {unknown}
 m - a potion of heal wounds {unknown}
 n - 2 potions of might {unknown}
Books
 c - a book of Minor Magic

   Spells                             Type                      Level
   a - Magic Dart                     Conjuration                  1
   b - Blink                          Translocation                2
   c - Call Imp                       Summoning                    2
   d - Repel Missiles                 Charms/Air                   2
   e - Slow                           Hexes                        2
   f - Conjure Flame                  Conjuration/Fire             3
   g - Mephitic Cloud                 Conjuration/Poison/Air       3
Comestibles
 d - 3 bread rations
 o - a meat ration


   Skills:
 - Level 2.4 Dodging
 - Level 2.4 Stealth
 + Level 5.5 Spellcasting
 + Level 2.3 Conjurations
 - Level 1.1 Summonings
 - Level 1.1 Translocations


You had 8 spell levels left.
You knew the following spells:

 Your Spells              Type           Power        Failure   Level  Hunger
a - Magic Dart            Conj           ###.         3%          1    None
b - Call Imp              Summ           ##......     12%         2    None
c - Blink                 Tloc           N/A          12%         2    None


Dungeon Overview and Level Annotations

Branches:
Dungeon (3/15)

Altars:
Ru
Yredelemnul


Message History

Casting: Blink
Confirm with . or Enter, or press ? or * to list all spells.
You blink.
* * * LOW HITPOINT WARNING * * *
You feel sick.
A giant newt comes into view.
Your magical contamination has completely faded away.
Casting: Blink
Confirm with . or Enter, or press ? or * to list all spells.
A beastly little devil appears in a puff of frigid air.
* * * LOW HITPOINT WARNING * * *
You feel sick. The adder misses you.
Casting: Call Imp
Confirm with . or Enter, or press ? or * to list all spells.
You don't have enough magic to cast that spell.
You swap places.
The adder bites your white imp. The giant newt closely misses you.
Your white imp misses the adder.
You hit the giant newt but do no damage.
The adder misses your white imp. The giant newt bites you.
You die...

#.#.#..........##5#
#.#.#.#####.##.##5#
#)#.#.# #.##.##.#
#.#.#.# ##.##.##5#
#.#.#. #.)......#
#.#.# .....##.####
##.#.#..###.###.#
#...........# #l#
##.###..###.# #@#
#.# #..###.###5#
###.###........S.#
.....###.###.#####
###..###.# #.#
##.......# #.#
##...##### #.#
.....# #.# ##.#.#
#.#


You could see an adder, a giant newt and a friendly white imp.

Vanquished Creatures
  3 giant cockroaches
  A goblin (D:2)
  4 hobgoblins
  3 kobolds
  2 bats
  A giant newt (D:2)
  2 rats
16 creatures vanquished.

Vanquished Creatures (collateral kills)
  Natasha (D:2)
  2 worms (D:2)
  A giant gecko (D:2)
  A goblin (D:2)
  2 hobgoblins (D:2)
  A kobold (D:2)
8 creatures vanquished.

Grand Total: 24 creatures vanquished

Notes
Turn   | Place    | Note
--------------------------------------------------------------
     0 | D:1      | mindo the Deep Elf Wizard began the quest for the Orb.
     0 | D:1      | Reached XP level 1. HP: 10/10 MP: 7/7
   468 | D:2      | Noticed Natasha
   519 | D:2      | Reached XP level 2. HP: 8/15 MP: 0/9
   721 | D:2      | Reached skill level 5 in Spellcasting
   758 | D:2      | Learned a level 2 spell: Call Imp
   761 | D:2      | Learned a level 2 spell: Blink
  1014 | D:2      | Found a sacrificial altar of Ru.
  1015 | D:2      | Found a basalt altar of Yredelemnul.
  1307 | D:2      | Killed Natasha
  1307 | D:2      | Reached XP level 3. HP: 19/19 MP: 3/12
  1380 | D:2      | Slain by a giant newt

Skill      XL: |  1  2 |
---------------+-------+-----
Spellcasting   | 5 |  5.5
Conjurations   | 2 |  2.3
Dodging        | |  2.4
Stealth        | |  2.4
Summonings     | |  1.1
Translocations | |  1.1

Action                   || total
-------------------------++-------
Melee: Unarmed           ||     1
 Cast: Magic Dart        ||    48
       Call Imp          ||    18
       Blink             ||     4
  Eat: Bread ration      ||     1
Armor: Robe              ||     6
Dodge: Dodged            ||    32
